 Dungeon Crawl Stone Soup version 0.28.0-53-g5a82cb258f (webtiles) character file.

Game seed: 4493928397908248619

42 Legadrian the Ruffian (level 3, -9/29 HPs)
             Began as a Human Berserker on June 29, 2022.
             Was a Follower of Trog.
             Mangled by an iguana (10 damage)
             ... on level 2 of the Dungeon.
             The game lasted 00:05:04 (1811 turns).

Legadrian the Ruffian (Human Berserker)             Turns: 1811, Time: 00:05:05

Health: -9/29      AC:  2    Str: 19    XL:     3   Next: 77%
Magic:  3/3        EV: 12    Int:  7    God:    Trog [*.....]
Gold:   44         SH:  0    Dex: 12    Spells: 2/2 levels left

rFire   . . .      SeeInvis .     - Unarmed
rCold   . . .      Faith    .   (no shield)
rNeg    . . .      Spirit   .   a - +0 animal skin
rPois   .          Reflect  .   (no helmet)
rElec   .          Harm     .   (no cloak)
rCorr   .          Rampage  .   (no gloves)
Will    .....                   (no boots)
Stlth   +.........              g - amulet of the acrobat
HPRegen 0.09/turn               (no ring)
MPRegen 0.08/turn               (no ring)

@: no status effects
A: no striking features
a: Renounce Religion, Berserk


You were on level 2 of the Dungeon.
You worshipped Trog.
Trog was aware of your devotion.
You visited 1 branch of the dungeon, and saw 2 of its levels.

You collected 44 gold pieces.

Inventory:

Hand Weapons
 c - a +0 hand axe
 e - a +0 dagger
 j - a +0 club
Missiles
 d - 82 stones (quivered)
 m - 6 poisoned darts
Armour
 a - a +0 animal skin (worn)
Jewellery
 g - an amulet of the acrobat (around neck)
 l - a ring of wizardry
Scrolls
 b - a scroll of fog
 h - a scroll of torment {unknown}
 i - a scroll of magic mapping {unknown}
 o - a scroll of identify
Potions
 f - a potion of degeneration {unknown}
 k - a potion of mutation {unknown}
 n - a potion of heal wounds {unknown}
 p - a potion of might {unknown}


   Skills:
 + Level 3.5 Fighting
 - Level 2.0 Armour
 + Level 2.6 Dodging
 + Level 3.5 Unarmed Combat


You had 2 spell levels left.
You didn't know any spells.
Your spell library was empty.

Dungeon Overview and Level Annotations

Branches:
Dungeon (2/15)

Altars:

Shops:
D:1 =


Message History

You feel a strong urge to attack something.
You feel sick.
You are no longer poisoned.
You start resting.
You feel your anger nearly subside.
You are no longer berserk.
You are exhausted.
You feel yourself slow down.
You start resting.
You feel yourself speed up.
You start resting.
You recover from your berserk rage.
You start resting.
An iguana comes into view.
You see here 6 gold pieces.
You now have 44 gold pieces (gained 6).
The iguana hisses angrily.
The iguana hisses menacingly.
Found 2 sedimented white potions.
You hit the iguana but do no damage. The iguana bites you.
You hit the iguana but do no damage. The iguana bites you.
You hit the iguana but do no damage. The iguana closely misses you.
You barely miss the iguana. The iguana bites you.
You completely miss the iguana. The iguana closely misses you.
You hit the iguana.
The iguana is moderately wounded.
The iguana misses you.
You hit the iguana.
The iguana is severely wounded.
You hit the iguana.
The iguana is almost dead.
The iguana bites you!
* * * LOW HITPOINT WARNING * * *
You hit the iguana but do no damage.
The iguana is almost dead.
The iguana bites you.
* * * LOW HITPOINT WARNING * * *
You hit the iguana but do no damage.
The iguana is almost dead.
The iguana bites you!
You die...

#....#### #.# #....#
#.# #....###.
#.########....#...
#..........####.#.
#..........# #.
#..........# .##
######.$........+ ...
#.....@l........# .##
#...............# .##
#.............†.# ...
#......#......##....###
#......#......# ....#
#!............# ......
##............# .....#
#............# .....#
#............# .....#


You could see an iguana.

Vanquished Creatures
  An adder (D:2)
  A dart slug (D:2)
  3 bats
  3 endoplasms
  4 giant cockroaches
  2 goblins (D:2)
  5 hobgoblins
  2 ball pythons (D:2)
  2 frilled lizards
  3 kobolds
  3 rats (D:1)
29 creatures vanquished.

Notes
Turn   | Place    | Note
-------+----------+-------------------------------------------
     0 | D:1      | Legadrian the Human Berserker began the quest for the Orb.
     0 | D:1      | Reached XP level 1. HP: 18/18 MP: 1/1
    16 | D:1      | Found Kojunula's Jewellery Shoppe.
   207 | D:1      | Found a faded altar of an unknown god.
   258 | D:1      | Reached XP level 2. HP: 24/24 MP: 2/2
   881 | D:2      | Reached XP level 3. HP: 28/29 MP: 3/3
  1810 | D:2      | HP: 1/29 [iguana (3)]
  1811 | D:2      | Mangled by an iguana

Illustrated notes

Levels and vault maps discovered:
D:1:      saegor_arrival_miasma, layout_loops_cross, serial_shops, shop,
          shapermc_ecumenical_altar_starsandcircs
D:2:      layout_basic, minmay_pentomino_p2

Action                   || total
-------------------------++-------
Melee: Unarmed           ||   120
       Hand axe          ||     8
       Punch             ||     3
Invok: Berserk           ||     1
  Use: Scroll            ||     1
 Stab: Sleeping          ||     1
Armor: Animal skin       ||    12
Dodge: Dodged            ||    75
